General information
- name: BNet
- type: Ladder 1vs1/FFA
- host: Battle.net
- saver: iggy72
map: TerenasStand
- players: 2
- length: 22:08
- speed: Fast
- version: 1.26 W3XP
- replay type: Public
» download(70 KB)
Players
team 1 (winner)
iggy72 (
yellow | 81 APM | 1788 actions | 22:08)
5 Mountain King
3 Storm Bolt
2 Bash
4 Paladin
2 Holy Light
2 Divine Shield
» actions
| Assign group hotkey | 62 | |
| Basic commands | 112 | |
| Build / train | 77 | |
| ESC pressed | 6 | |
| Enter build submenu | 35 | |
| Enter hero's abilities submenu | 10 | |
| Give item / drop item | 4 | |
| Right click | 712 | |
| Select / deselect | 371 | |
| Select group hotkey | 249 | |
| Use ability | 150 | |
1788 total
» units
| Peasant | 10 | |
| Footman | 9 | |
| Goblin Shredder | 1 | |
| Rifleman | 3 | |
| Forest Troll Berserker | 1 | |
| Goblin Zeppelin | 1 | |
| Dragonhawk Rider | 2 | |
| Gryphon Rider | 6 | |
33 total
» upgrades
| Defend | 1 | |
| Swords | 1 | |
| Animal War Training | 1 | |
| Storm Hammers | 1 | |
4 total
» buildings
| Barracks | 1 | |
| Altar of Kings | 1 | |
| Farm | 9 | |
| Scout Tower | 12 | |
| Arcane Tower | 5 | |
| Keep | 1 | |
| Arcane Vault | 1 | |
| Lumber Mill | 1 | |
| Blacksmith | 1 | |
| Guard Tower | 5 | |
| Gryphon Aviary | 3 | |
| Castle | 1 | |
41 total
» build order
00:13 Barracks
00:18 Altar of Kings
00:30 Farm
00:53 Farm
01:55 Farm
02:36 Scout Tower
03:04 Arcane Tower
03:21 Scout Tower
03:54 Arcane Tower
04:10 Keep
04:50 Arcane Vault
06:09 Lumber Mill
06:36 Blacksmith
06:40 Scout Tower
06:47 Farm
07:15 Farm
08:13 Scout Tower
08:15 Scout Tower
08:15 Arcane Tower
08:46 Guard Tower
09:15 Scout Tower
09:16 Scout Tower
09:16 Scout Tower
09:29 Guard Tower
09:44 Guard Tower
09:46 Arcane Tower
09:49 Scout Tower
10:16 Guard Tower
10:32 Scout Tower
10:32 Scout Tower
11:09 Gryphon Aviary
11:09 Gryphon Aviary
11:38 Gryphon Aviary
12:05 Farm
12:05 Farm
12:18 Castle
12:46 Farm
13:03 Farm
19:23 Guard Tower
19:45 Scout Tower
22:04 Arcane Tower
» items
| Dust of Appearance | 2 | |
| Boots of Speed | 1 | |
| Lesser Clarity Potion | 3 | |
| Ivory Tower | 6 | |
| Potion of Healing | 3 | |
| Scroll of Regeneration | 2 | |
17 total
team 2 (loser)
Crewsaider (
green | 53 APM | 1163 actions | 22:07)
4 Blademaster
2 Wind Walk
2 Critical Strike
3 Shadow Hunter
2 Healing Wave
1 Hex
» actions
| Basic commands | 46 | |
| Build / train | 90 | |
| ESC pressed | 10 | |
| Enter build submenu | 17 | |
| Enter hero's abilities submenu | 7 | |
| Give item / drop item | 1 | |
| Right click | 473 | |
| Select / deselect | 371 | |
| Use ability | 148 | |
1163 total
» units
| Peon | 26 | |
| Grunt | 7 | |
| Raider | 3 | |
| Spirit Walker | 1 | |
| Forest Troll Shadow Priest | 1 | |
| Demolisher | 4 | |
| Tauren | 3 | |
| Troll Batrider | 13 | |
58 total
» upgrades
| Ensnare | 1 | |
| Melee Weapons | 1 | |
| Spirit Walker Training | 1 | |
| Burning Oil | 1 | |
4 total
» buildings
| Altar of Storms | 1 | |
| Orc Burrow | 6 | |
| Barracks | 2 | |
| Voodoo Lounge | 1 | |
| Stronghold | 1 | |
| War Mill | 1 | |
| Beastiary | 1 | |
| Spirit Lodge | 1 | |
| Fortress | 1 | |
| Tauren Totem | 1 | |
| Watch Tower | 3 | |
19 total
» build order
00:06 Altar of Storms
00:20 Orc Burrow
00:47 Barracks
00:50 Barracks
01:35 Orc Burrow
02:22 Voodoo Lounge
03:55 Stronghold
04:12 Orc Burrow
05:04 War Mill
06:29 Beastiary
06:32 Spirit Lodge
07:01 Fortress
07:26 Orc Burrow
09:45 Tauren Totem
11:25 Orc Burrow
14:00 Watch Tower
14:02 Watch Tower
14:15 Watch Tower
19:33 Orc Burrow
» items
| Circlet of Nobility | 1 | |
| Healing Salve | 3 | |
| Lesser Clarity Potion | 1 | |
| Orb of Lightning | 1 | |
| Tiny Great Hall | 1 | |
| Scroll of Town Portal | 2 | |
| Potion of Healing | 2 | |
| Potion of Mana | 2 | |
13 total
Chat log
(11:00 / All) Crewsaider: gg
(21:50 / All) Crewsaider: your the worst opponent i have ever played.
(21:52 / All) iggy72: lmfao
(21:57 / All) iggy72: tears on keyboard